 Dungeon Crawl Stone Soup version 0.17.1-1-g73c8601 (webtiles) character file.

1392 4thArraOfDagon the Cleaver (level 8, -3/74 HPs)
             Began as a Deep Dwarf Fighter on Dec 18, 2015.
             Was a Follower of Makhleb.
             Slain by a wyvern (10 damage)
             ... on level 9 of the Dungeon.
             The game lasted 00:08:56 (1619 turns).

4thArraOfDagon the Cleaver (Deep Dwarf Fighter)     Turns: 1619, Time: 00:08:56

Health: -3/74      AC:  8    Str: 20    XL:     8   Next: 41%
Magic:  8/8        EV:  7    Int: 11    God:    Makhleb [*.....]
Gold:   134        SH:  9    Dex: 12    Spells: 0 memorised, 7 levels left

rFire  . . .     SeeInvis .     i - +0 broad axe
rCold  . . .     Clarity  .     b - +0 scale mail
rNeg   . . .     SustAt   .     c - +0 shield
rPois  .         Gourm    .     (no helmet)
rElec  .         Spirit   .     (no cloak)
rCorr  +         Warding  .     q - +0 pair of gloves
rMut   .         Stasis   .     (no boots)
MR     +....                    k - amulet of resist corrosion
Stlth  ..........               (no ring)
                                (no ring)

@: non-regenerating, somewhat resistant to hostile enchantments, extremely
unstealthy
A: damage resistance, recharge devices, sense surroundings 1, slow regeneration
3
a: Device Recharging, Renounce Religion


You were on level 9 of the Dungeon.
You worshipped Makhleb.
Makhleb was aware of your devotion.
You were not hungry.

You visited 2 branches of the dungeon, and saw 11 of its levels.

You collected 134 gold pieces.

Inventory:

Hand Weapons
 i - a +0 broad axe (weapon)
Armour
 b - a +0 scale mail (worn)
 c - a +0 shield (worn)
 q - a +0 pair of gloves (worn)
Jewellery
 k - an amulet of resist corrosion (around neck)
Wands
 a - a wand of lightning (0)
 e - a wand of heal wounds (5)
Scrolls
 h - 3 scrolls of remove curse
 j - 2 scrolls of fog {unknown}
 n - a scroll of random uselessness {unknown}
 r - a scroll of recharging {unknown}
Potions
 d - a potion of might
 l - 2 potions of haste
 m - a potion of resistance
 p - a potion of curing
Comestibles
 f - 5 bread rations
 g - a meat ration
 o - 3 chunks of flesh


   Skills:
 + Level 5.1 Fighting
 * Level 8.0 Axes
 + Level 6.3 Armour
 - Level 3.2 Shields
 + Level 3.8 Evocations


You had 7 spell levels left.
You didn't know any spells.

Dungeon Overview and Level Annotations

Branches:
Dungeon (10/15)            Temple (0/1) D:7             Orc (1/4) D:9
   Lair: D:8-11

Altars:
Cheibriados
Fedhas
Makhleb
Okawaru

Annotations:
D:4 Eustachio, Purgy
D:8 Erica
D:9 Grum


Innate Abilities, Weirdness & Mutations

You are resistant to damage.
You can recharge devices by infusing magical energy.
You passively map a small area around you.
You do not regenerate naturally.


Message History

You slash the wyvern!
The wyvern is almost dead.
You slash the quokka!
You kill the quokka!
Makhleb accepts your kill.
You feel better.
The wyvern bites you but does no damage. x2
You barely miss the wyvern.
The wyvern is almost dead.
The wyvern bites you!
* * * LOW HITPOINT WARNING * * *
You block the wyvern's attack.
Unknown command.
Unknown command.
You hit the wyvern.
The wyvern is almost dead.
The wyvern bites you!
* * * LOW HITPOINT WARNING * * *
The wyvern bites you!
You die...

#.######
###.####.##.#, , , #.#
#.#.....#.# , , #.#
#.#.....#.# , #.#
#o#.###.#.# * ...
#.#.#.#...# *,
#.#...#...# * *
#.###.#...## ** #####
*#....l..#..#,,, ,...*
, * #####@####.##**
###'# +* #.......#...#
#...## , *,
#<......#.8.# #.8...
#.......#...## ##)..#.
,,
#.......####'###'#.##.
, #.......#
##..[##.##. *
*#.......# #.>.##.##.
#.......# ##[.)##.##.
, , ####'###'#.##.


You could see a wyvern.

Vanquished Creatures
  A steam dragon (D:8)
  A wyvern (D:9)
  2 wolves (D:9)
  A phantom (D:7)
  2 ice beasts
  A sky beast (D:6)
  An orc warrior (D:9)
  2 crimson imps
  2 centaur skeletons
  2 orc priests (D:9)
  4 orc wizards
  Jessica (D:3)
  A worker ant (D:4)
  3 adders
  3 adder skeletons
  25 orcs
  3 bats (D:3)
  A giant cockroach (D:4)
  A hobgoblin (D:1)
  A quokka (D:9)
  A ball python (D:3)
  A giant newt (D:5)
  A goblin (D:3)
  3 jackals
  A jackal skeleton (D:4)
  2 kobolds (D:3)
67 creatures vanquished.

Notes
Turn   | Place    | Note
--------------------------------------------------------------
     0 | D:1      | 4thArraOfDagon the Deep Dwarf Fighter began the quest for the Orb.
     0 | D:1      | Reached XP level 1. HP: 20/20 MP: 1/1
    70 | D:3      | Noticed Jessica
    78 | D:3      | Killed Jessica
    78 | D:3      | Reached XP level 2. HP: 26/28 MP: 2/2
    78 | D:3      | Reached XP level 3. HP: 31/34 MP: 3/3
   151 | D:4      | Noticed Eustachio
   164 | D:4      | Noticed Purgy
   243 | D:5      | Entered Level 5 of the Dungeon
   249 | D:5      | Noticed an ice beast
   294 | D:5      | Killed an ice beast
   294 | D:5      | Reached skill level 4 in Axes
   294 | D:5      | Reached XP level 4. HP: 16/42 MP: 4/4
   294 | D:5      | Reached XP level 5. HP: 18/49 MP: 5/5
   414 | D:5      | Reached skill level 5 in Axes
   437 | D:5      | Found a snail-covered altar of Cheibriados.
   445 | D:5      | Found a blossoming altar of Fedhas.
   452 | D:5      | Found an iron altar of Okawaru.
   663 | D:6      | Reached XP level 6. HP: 37/57 MP: 6/6
   680 | D:6      | Found a burning altar of Makhleb.
   693 | D:6      | Became a worshipper of Makhleb the Destroyer
   731 | D:6      | Noticed a sky beast
   773 | D:6      | Killed a sky beast
   821 | D:7      | Reached skill level 6 in Axes
   821 | D:7      | Reached skill level 5 in Armour
   849 | D:7      | Reached XP level 7. HP: 23/64 MP: 7/7
   859 | D:7      | Found a staircase to the Ecumenical Temple.
   894 | D:8      | Reached skill level 1 in Evocations
  1008 | D:8      | Noticed Erica
  1048 | D:9      | Noticed Grum
  1063 | D:9      | Noticed a wyvern
  1064 | D:9      | Killed a wyvern
  1064 | D:9      | Reached skill level 7 in Axes
  1067 | D:9      | Reached XP level 8. HP: 16/73 MP: 7/9
  1112 | D:9      | Reached * piety under Makhleb
  1167 | D:9      | Reached skill level 5 in Fighting
  1187 | D:10     | Entered Level 10 of the Dungeon
  1276 | D:9      | Found a staircase to the Orcish Mines.
  1412 | Orc:1    | Entered Level 1 of the Orcish Mines
  1503 | D:9      | Reached skill level 8 in Axes
  1619 | D:9      | Slain by a wyvern

Action                   |  1- 3 |  4- 6 |  7- 9 || total
-------------------------+-------+-------+-------++-------
Melee: War axe           |    67 |    23 |       ||    90
       Broad axe         |       |    92 |   126 ||   218
 Abil: Device Recharging |       |       |     2 ||     2
Evoke: Wand              |     1 |     3 |    13 ||    17
  Use: Scroll            |       |     3 |     3 ||     6
       Potion            |       |     1 |     1 ||     2
  Eat: Chunk             |       |       |     3 ||     3
